Map: Emerald City LE

Players

VisseG

  • Race: Protoss Protoss
  • League: Diamond
  • Spawn Location: 5:00

Mutte

  • Race: Protoss Protoss
  • Spawn Location: 5:00

Massa - Winner!

  • Race: Terran Terran
  • League: Platinum
  • Spawn Location: 11:00

qqq - Winner!

  • Race: Zerg Zerg
  • League: Platinum
  • Spawn Location: 11:00

VOD

Have the link to the VOD?

Description

Time

  • Played on: Jan. 12, 2021, 1:30 p.m.
  • Length: 19:23
Show
View Real Time Build Order
Export as new Build Order

VisseG Protoss 

Build Orders: 1 Gate Expand 

Get SALT Encoding   

  12  0:00  Probe  
  13  0:12  Probe  
  14  0:21  Pylon  
  14  0:28  Probe (Chrono Boost)  
  15  0:40  Probe (Chrono Boost), Gateway  
  16  0:48  Probe (Chrono Boost)  
  17  0:52  Assimilator  
  17  1:02  Probe  
  18  1:27  Gateway  
  18  1:34  Pylon  
  18  1:37  Nexus  
  18  1:49  Pylon  
  18  1:51  Probe  
  19  2:08  Probe  
  20  2:11  Assimilator  
  20  2:20  Probe  
  21  2:32  Probe  
  21  2:33  Zealot x2 (Chrono Boost), Cybernetics Core  
  26  2:42  Forge  
  26  3:09  Probe  
  26  3:13  Stalker x2  
  26  3:18  Photon Cannon  
  26  3:19  Warp Gate (Chrono Boost)  
  30  3:20  Photon Cannon  
  30  3:31  Probe x2  
  32  3:39  Photon Cannon  
  28  3:49  Shield Battery  
  28  3:51  Shield Battery  
  28  4:00  Stalker (Chrono Boost)  
  30  4:15  Photon Cannon, Stalker (Chrono Boost)  
  32  4:29  Pylon  
  32  4:34  Robotics Facility  
  32  5:00  Stalker x2  
  36  5:10  Probe x2  
  38  5:16  Gateway  
  38  5:18  Gateway  
  38  5:20  Gateway  
  38  5:22  Probe x2  
  40  5:30  Observer  
  41  5:37  Probe x2  
  43  5:52  Twilight Council  
  41  6:10  Stalker x2  
  45  6:14  Immortal  
  49  6:21  Stalker x3  
  55  6:27  Stargate  
  55  6:33  Stalker  
  55  6:36  Stalker  
  59  6:45  Pylon  
  59  6:48  Probe x2  
  59  7:10  Void Ray (Chrono Boost)  
  67  7:22  Immortal  
  67  7:23  Stalker  
  67  7:25  Probe  
  67  7:28  Pylon  
  70  7:31  Pylon  
  70  7:32  Blink (Chrono Boost)  
  70  7:37  Void Ray (Chrono Boost)  
  70  7:46  Probe  
  75  8:47  Probe x2  
  75  8:48  Stalker x4  
  85  8:59  Probe  
  82  9:20  Void Ray  
  82  9:24  Templar Archives  
  82  9:28  Pylon  
  86  9:38  Assimilator  
  86  9:42  Assimilator  
  86  9:45  Pylon  
  86  10:04  Probe  
  86  10:05  Probe  
  88  10:17  Probe x2, Nexus  
  88  10:20  Pylon  
  88  10:21  Pylon x2  
  90  10:23  Psionic Storm  
  90  10:34  Protoss Ground Weapons Level 1  
  90  10:45  High Templar x2  
  94  11:01  Assimilator  
  94  11:03  Archon  
  94  11:04  High Templar  
  96  11:05  Assimilator  
  96  11:06  Probe x2  
  94  11:17  High Templar  
  96  11:18  Probe  
  97  11:37  Phoenix (Chrono Boost)  
  99  11:45  Stargate  
  99  11:46  Pylon  
  99  11:48  Photon Cannon  
  99  11:50  Photon Cannon  
  99  11:52  Photon Cannon  
  99  11:53  Photon Cannon  
  99  11:56  Photon Cannon  
  99  12:02  Probe x3, Photon Cannon  
  99  12:07  High Templar x2  
  81  12:19  High Templar  
  65  12:31  Stalker x2  
  69  12:38  Shield Battery  
  69  12:52  High Templar  
  69  12:57  High Templar  
  73  12:59  Zealot x3  
  73  13:02  Probe x3  
  82  13:17  Gateway  
  86  13:20  Gateway  
  86  13:22  Gateway  
  86  13:23  Protoss Shields Level 1 (Chrono Boost)  
  82  13:28  Pylon  
  82  13:29  High Templar  
  82  13:30  Zealot x2  
  82  13:31  Zealot x2  
  92  13:36  Gateway  
  92  13:39  Gateway x2  
  92  13:43  Probe x3  
  92  13:46  Nexus  
  95  13:48  Charge (Chrono Boost)  
  95  13:49  Pylon  
  95  13:51  Pylon  
  95  14:07  High Templar x3  
  101  14:11  Archon  
  101  14:13  Stalker x3  
  107  14:21  Stalker x2  
  111  14:39  Zealot x4  
  111  14:40  Zealot x5  
  127  15:25  High Templar x7  
  139  15:29  Archon x2  
  139  15:31  Zealot x2  
  129  15:41  Probe x3  
  130  15:56  Pylon  
  130  15:58  Pylon  
  130  16:06  High Templar x2  
  130  16:07  High Templar x2  
  130  16:11  Archon x2  
  110  16:37  Observer  
  100  16:42  High Templar  
  100  16:44  Stalker x3  
  95  17:47  High Templar x2  
  92  17:51  Archon  
  85  18:01  Assimilator  
  73  18:30  Archon  
  73  18:31  Archon  
  51  18:53  High Templar  
  49  19:06  Nexus  
  49  19:09  Pylon  
  47  19:10  Pylon  
Show
View Real Time Build Order
Export as new Build Order

Mutte Protoss 

Build Orders:  

Get SALT Encoding   

  12  0:00  Probe  
  13  0:14  Probe  
  14  0:19  Pylon  
  14  0:26  Probe  
  15  0:38  Probe  
  15  0:40  Gateway  
  16  0:51  Probe  
  17  0:59  Gateway  
  17  1:04  Probe (Chrono Boost)  
  17  1:08  Assimilator  
  17  1:11  Assimilator  
  18  1:16  Probe (Chrono Boost)  
  19  1:28  Zealot  
  21  1:41  Probe  
  21  1:45  Cybernetics Core  
  22  1:53  Probe  
  23  1:56  Forge  
  23  2:03  Pylon  
  23  2:21  Probe  
  24  2:29  Robotics Facility  
  24  2:31  Sentry (Chrono Boost)  
  24  2:34  Shield Battery  
  24  2:36  Stalker (Chrono Boost)  
  28  2:45  Shield Battery  
  28  2:53  Stalker (Chrono Boost)  
  28  3:27  Stalker (Chrono Boost)  
  28  3:34  Shield Battery  
  26  3:52  Immortal  
  26  3:54  Stalker  
  30  4:19  Gateway  
  30  4:30  Pylon  
  22  4:58  Shield Battery  
  26  5:00  Photon Cannon  
  26  5:02  Photon Cannon  
  26  5:11  Pylon  
  26  5:20  Pylon  
  26  5:24  Immortal (Chrono Boost)  
  26  5:26  Photon Cannon  
  26  5:35  Nexus  
  26  5:44  Warp Gate  
  26  5:50  Photon Cannon  
  26  6:07  Immortal (Chrono Boost)  
  26  6:18  Shield Battery  
  26  6:36  Immortal (Chrono Boost)  
  26  7:19  Immortal (Chrono Boost)  
  26  7:21  Probe  
  31  7:28  Pylon  
  31  7:33  Probe  
  32  7:45  Probe  
  32  7:50  Probe  
  34  7:53  Immortal (Chrono Boost)  
  34  7:57  Probe  
  39  8:00  Gateway  
  39  8:01  Gateway  
  39  8:02  Probe  
  40  8:09  Probe  
  41  8:38  Nexus  
  41  8:40  Pylon, Immortal  
  45  8:42  Assimilator  
  45  8:47  Assimilator  
  45  8:49  Probe  
  45  8:50  Probe  
  45  8:54  Pylon  
  47  9:01  Probe  
  47  9:02  Probe  
  49  9:07  Sentry  
  49  9:08  Sentry  
  53  9:23  Probe x2  
  55  9:35  Probe  
  55  9:36  Pylon  
  56  9:40  Shield Battery  
  56  9:42  Shield Battery  
  56  9:43  Photon Cannon  
  56  9:50  Stalker x2  
  56  9:52  Immortal  
  64  10:02  Probe x2  
  64  10:03  Probe  
  67  10:13  Protoss Ground Weapons Level 1  
  67  10:14  Probe x2  
  67  10:15  Probe  
  67  10:18  Robotics Bay  
  70  10:26  Probe x2  
  70  10:27  Gateway  
  70  10:28  Gateway, Pylon  
  72  10:32  Pylon  
  72  10:39  Sentry x2  
  72  10:41  Observer  
  77  11:05  Forge  
  77  11:06  Forge  
  77  11:10  Pylon  
  77  11:12  Pylon  
  77  11:13  Pylon  
  77  11:14  Stalker  
  77  11:15  Stalker  
  81  11:26  Stalker x2  
  81  11:28  Extended Thermal Lance (Chrono Boost)  
  81  11:29  Colossus  
  91  11:43  Pylon  
  91  11:47  Pylon  
  91  11:50  Photon Cannon  
  91  11:53  Protoss Shields Level 1, Protoss Ground Armor Level 1, Photon Cannon  
  91  11:54  Shield Battery  
  91  12:20  Stalker  
  91  12:22  Colossus  
  85  12:32  Stalker x2  
  85  12:46  Probe  
  85  12:47  Probe x2  
  85  12:51  Assimilator  
  88  12:53  Observer  
  88  12:54  Photon Cannon, Assimilator  
  88  12:57  Photon Cannon  
  88  12:59  Probe x3  
  88  13:00  Shield Battery  
  91  14:13  Stalker x3  
  91  14:14  Colossus  
  93  14:33  Stalker  
  95  14:49  Photon Cannon  
  95  14:51  Photon Cannon  
  84  15:04  Stargate  
  84  15:05  Stargate  
  84  15:07  Stargate  
  84  15:10  Twilight Council  
  84  15:23  Photon Cannon  
  84  15:24  Photon Cannon  
  84  15:26  Photon Cannon  
  84  15:27  Shield Battery  
  84  15:37  Probe  
  84  15:38  Probe x2  
  87  15:47  Stalker x2  
  87  15:48  Stalker x2  
  96  15:50  Probe x2  
  72  16:38  Stalker x4  
  76  16:47  Phoenix x3 (Chrono Boost)  
  64  17:05  Phoenix x3 (Chrono Boost)  
  36  17:37  Fleet Beacon  
  36  17:38  Stalker x3  
  36  17:39  Stalker  
  44  17:47  Colossus  
  50  17:56  Phoenix x3  
  48  18:47  Stalker x2  
Show
View Real Time Build Order
Export as new Build Order

Massa Terran - Winner!

Build Orders:  

Get SALT Encoding   

  12  0:00  SCV  
  13  0:12  SCV  
  14  0:24  SCV  
  14  0:25  Supply Depot  
  15  0:41  Refinery  
  15  0:47  SCV  
  16  0:57  Barracks  
  16  1:00  SCV  
  17  1:12  SCV  
  17  1:18  Barracks  
  18  1:24  SCV  
  19  1:36  SCV  
  20  1:44  Barracks Tech Lab  
  20  1:50  Supply Depot  
  20  1:56  Orbital Command  
  20  2:07  Marauder  
  22  2:08  Barracks Tech Lab  
  22  2:09  Concussive Shells  
  22  2:27  Marauder  
  22  2:28  Marauder  
  26  2:49  Marauder  
  26  2:50  Marauder  
  30  3:18  Supply Depot  
  30  3:19  Supply Depot  
  30  3:40  Marauder x2  
  26  4:01  Marauder x2  
  28  4:23  Marauder x2  
  32  4:30  Command Center  
  32  4:44  Marauder x2  
  30  5:05  Marauder x2  
  32  5:13  SCV  
  33  5:21  Refinery  
  33  5:25  SCV  
  33  5:27  Marauder x2  
  38  5:28  Stimpack  
  38  5:31  Barracks  
  38  5:32  Barracks  
  38  5:48  Marauder x2  
  38  6:10  Marauder x2  
  42  6:26  Barracks Reactor  
  42  6:31  Marauder x2  
  46  6:36  Orbital Command  
  46  6:37  SCV  
  47  6:40  Refinery  
  47  6:42  Refinery  
  47  6:48  Supply Depot  
  47  6:49  SCV, Command Center  
  47  6:52  Marauder x2  
  50  7:01  SCV  
  47  7:13  SCV  
  47  7:14  Marauder  
  44  7:17  Marauder  
  44  7:18  Marine x3  
  44  7:22  SCV  
  50  7:35  Marauder, Marine  
  53  7:37  SCV x2  
  53  7:39  Marauder, Factory  
  57  7:46  Barracks Reactor, Marine  
  57  7:49  SCV x2  
  50  8:23  Marine x4  
  50  8:26  SCV x3  
  57  8:36  Engineering Bay  
  57  8:38  SCV x3  
  57  8:40  Starport, Marine  
  61  8:41  Marine x3  
  61  8:42  Barracks  
  61  8:46  Factory Tech Lab  
  64  8:51  SCV x2  
  64  8:52  SCV  
  67  8:58  Marine  
  67  8:59  Marine x3  
  71  9:03  SCV  
  71  9:04  SCV x2  
  71  9:05  Missile Turret  
  74  9:16  Marine  
  74  9:17  Marine x2, Medivac  
  75  9:21  SCV x3  
  82  9:25  Missile Turret  
  82  9:33  SCV x3  
  85  9:39  Sensor Tower  
  85  9:40  Missile Turret  
  85  9:43  Missile Turret  
  85  9:55  Barracks Tech Lab  
  85  9:56  Supply Depot  
  85  9:59  Supply Depot  
  85  10:01  Supply Depot  
  85  10:08  Sensor Tower  
  85  10:17  Marine x4  
  85  10:18  SCV, Medivac  
  85  10:19  Supply Depot  
  92  10:21  Terran Infantry Weapons Level 1  
  92  10:25  Armory  
  92  10:26  Missile Turret  
  92  10:33  Planetary Fortress  
  93  10:35  SCV x2  
  94  10:47  SCV  
  94  10:48  SCV, Medivac  
  98  10:53  Engineering Bay  
  98  10:59  Missile Turret  
  98  11:01  Missile Turret  
  98  11:02  Refinery  
  98  11:03  SCV x2  
  100  11:05  Refinery  
  100  11:15  SCV x2, Marauder, Marine x3  
  100  11:16  Marine  
  108  11:19  Combat Shield  
  108  11:20  Medivac  
  110  11:27  SCV  
  111  11:33  Marine x3  
  111  11:36  Marauder  
  116  11:41  Marine  
  117  11:49  Terran Infantry Armor Level 1  
  117  11:50  Supply Depot  
  117  11:51  Supply Depot  
  117  11:52  Supply Depot  
  117  11:53  Supply Depot  
  117  11:54  Supply Depot x2  
  117  11:58  Starport Reactor  
  117  11:59  Terran Vehicle Weapons Level 1  
  117  12:08  Marine  
  117  12:09  Marine  
  117  12:11  Siege Tank  
  117  12:12  Marauder  
  89  12:33  Marauder  
  78  12:39  Marine x4  
  78  12:43  Medivac x2  
  78  12:44  Siege Tank  
  89  12:50  Barracks  
  87  12:53  Barracks  
  87  12:54  Marauder  
  87  12:56  Marine  
  87  12:57  Marine x3  
  93  13:13  Medivac x2  
  93  13:14  Marine, Ghost Academy  
  93  13:15  Marine x3  
  93  13:16  Marauder, Siege Tank  
  106  13:32  Marine  
  106  13:33  Marine x3  
  110  13:37  Marauder  
  112  13:42  Command Center  
  112  13:49  SCV  
  112  13:50  SCV x2, Marine x4  
  119  13:59  Marauder  
  119  14:01  SCV  
  119  14:02  SCV  
  123  14:08  Barracks Tech Lab x2  
  123  14:09  Marine x4  
  127  14:16  Siege Tank  
  130  14:20  Marauder  
  132  14:26  Marine  
  132  14:27  Marine x2  
  132  14:30  Marauder x2  
  139  14:32  Marine  
  140  14:38  Liberator x2  
  140  14:41  Marauder  
  140  14:44  Marine  
  149  14:48  Terran Vehicle Weapons Level 2, Siege Tank  
  149  14:49  Terran Infantry Armor Level 2, Terran Infantry Weapons Level 2  
  149  14:51  Marauder x2, Enhanced Shockwaves  
  156  14:55  Planetary Fortress  
  156  14:58  Missile Turret  
  156  15:00  SCV  
  156  15:01  SCV x2  
  156  15:02  Ghost  
  161  15:12  SCV, Marauder  
  161  15:13  Marauder  
  166  15:20  Siege Tank  
  166  15:21  Liberator x2, Marine x2  
  177  15:30  Ghost  
  177  15:33  Ghost x2  
  180  16:01  Supply Depot  
  180  16:05  Supply Depot x2  
  180  16:07  Supply Depot x2  
  180  16:22  Liberator, Ghost, Siege Tank  
  116  16:33  Marauder x2, Marine  
  116  16:38  Marine  
  81  16:47  Medivac  
  81  16:51  Marauder  
  81  16:53  SCV x4  
  89  16:54  Marauder x2  
  89  16:55  Siege Tank  
  89  17:00  Refinery  
  89  17:01  Refinery  
  96  17:05  Medivac  
  98  17:12  Ghost  
  98  17:15  Ghost  
  100  17:17  Viking  
  98  17:23  Marauder, Marine  
  98  17:24  Marine x3  
  98  17:27  Siege Tank  
  107  17:35  Viking  
  109  17:41  Marauder, Marine  
  114  17:44  Marauder  
  114  17:45  Marauder, Marine x3  
  114  17:47  Viking  
  121  17:59  Marine, Siege Tank  
  121  18:02  Marauder  
  121  18:03  Marine x2  
  131  18:05  Marauder  
  131  18:06  Marauder  
  133  18:15  Command Center  
  139  18:23  Viking  
  139  18:24  Marauder, Viking  
  139  18:26  Marine x4  
  145  18:27  Marauder x2  
  147  18:44  Marine x4  
  147  18:45  Marauder  
  155  18:48  Marauder  
  155  18:49  Marauder  
  155  18:53  Viking  
Show
View Real Time Build Order
Export as new Build Order

qqq Zerg - Winner!

Build Orders: Hatch First 

Get SALT Encoding   

  12  0:00  Drone  
  13  0:08  Drone  
  14  0:18  Overlord  
  14  0:47  Hatchery  
  13  0:51  Drone  
  13  0:53  Drone  
  15  1:06  Drone x2  
  17  1:26  Extractor, Spawning Pool  
  17  1:27  Drone  
  17  1:29  Drone  
  17  1:38  Drone  
  18  2:07  Drone x2  
  20  2:10  Drone  
  21  2:17  Queen  
  21  2:19  Overlord  
  21  2:22  Zergling x4  
  25  2:31  Zergling x2  
  25  2:33  Overlord  
  25  2:35  Extractor  
  25  2:36  Zergling x2  
  26  2:42  Queen  
  26  2:43  Zergling x2  
  29  2:45  Zergling x2  
  29  2:49  Metabolic Boost  
  30  2:53  Zergling x2  
  30  2:54  Zergling x2  
  32  3:15  Zergling x2  
  32  3:16  Zergling x2  
  32  3:17  Zergling x4  
  35  3:32  Zergling x2  
  35  3:33  Zergling x2  
  36  3:44  Zergling x4  
  36  3:45  Zergling x2  
  38  3:50  Overlord  
  38  3:51  Zergling x4  
  38  3:53  Zergling x8  
  43  4:15  Zergling x4  
  43  4:16  Zergling x4  
  47  4:22  Zergling x2  
  47  4:23  Zergling x2  
  49  4:32  Zergling x4  
  51  4:42  Overlord x2  
  51  4:43  Overlord x2  
  51  4:44  Overlord  
  36  5:07  Zergling x4  
  36  5:08  Drone x2  
  39  5:18  Drone  
  39  5:20  Drone  
  41  5:25  Hatchery  
  40  5:30  Lair  
  40  5:39  Drone  
  40  5:40  Baneling Nest  
  40  5:52  Zergling x10  
  40  5:54  Drone  
  45  6:00  Drone x2  
  46  6:12  Zergling x6  
  46  6:13  Drone x2  
  51  6:24  Baneling x3  
  51  6:25  Baneling x6  
  51  6:28  Baneling x2  
  51  6:29  Baneling  
  51  6:30  Baneling  
  51  6:31  Baneling  
  51  6:33  Baneling x2  
  51  6:34  Baneling  
  51  6:36  Baneling  
  51  6:37  Drone  
  39  7:08  Zergling x2  
  39  7:09  Zergling x4  
  39  7:10  Drone x6  
  47  7:21  Zergling x6  
  47  7:22  Drone x4  
  53  7:28  Hydralisk Den  
  52  7:30  Extractor, Drone  
  52  7:31  Drone  
  52  7:33  Queen  
  55  7:41  Drone x2  
  57  7:45  Zergling x2  
  57  7:46  Zergling x4  
  57  7:49  Drone x2  
  62  7:56  Zergling x4  
  64  7:58  Hatchery  
  63  8:08  Muscular Augments  
  63  8:09  Hydralisk  
  65  8:15  Drone x2  
  65  8:16  Drone x3  
  70  8:22  Hydralisk  
  72  8:28  Drone  
  72  8:33  Overlord x4  
  72  8:34  Overlord x2  
  73  8:35  Extractor, Drone  
  73  8:40  Extractor  
  72  8:43  Extractor  
  72  8:44  Extractor  
  72  8:45  Hydralisk  
  72  8:56  Hydralisk  
  74  9:07  Hydralisk  
  74  9:09  Drone x4  
  80  9:10  Drone x2  
  80  9:14  Drone  
  83  9:26  Spire  
  82  9:37  Drone x4  
  82  9:38  Queen  
  88  9:40  Spore Crawler  
  88  9:43  Hydralisk, Grooved Spines  
  89  9:45  Hydralisk  
  89  9:47  Drone  
  89  9:49  Drone  
  89  9:51  Hatchery, Drone  
  89  9:52  Drone  
  94  9:53  Drone  
  95  10:02  Hatchery  
  95  10:06  Drone x3  
  97  10:12  Hydralisk x5  
  97  10:13  Hatchery, Hydralisk  
  106  10:21  Spore Crawler  
  106  10:42  Drone x6  
  112  10:43  Drone  
  112  10:49  Mutalisk x6  
  119  10:53  Drone, Mutalisk  
  119  10:54  Drone  
  129  10:58  Extractor  
  129  10:59  Extractor  
  127  11:13  Mutalisk x2  
  127  11:14  Drone  
  127  11:15  Drone x7  
  139  11:43  Mutalisk x2  
  143  11:48  Infestation Pit  
  143  11:49  Zerg Flyer Weapons Level 1  
  143  11:50  Lurker Den  
  143  11:53  Zergling x8  
  145  11:54  Drone x2  
  145  11:55  Drone x8  
  154  12:10  Hatchery  
  133  12:19  Mutalisk x4  
  133  12:20  Zergling x8  
  122  12:26  Drone, Mutalisk  
  122  12:27  Zergling x12  
  123  12:36  Hive  
  123  12:37  Zergling x2  
  124  12:46  Drone  
  124  12:48  Spore Crawler  
  124  12:49  Spine Crawler  
  123  12:52  Hydralisk x5  
  123  12:55  Drone x2, Zergling x6  
  123  12:58  Extractor  
  137  12:59  Extractor  
  137  13:00  Spine Crawler, Spore Crawler  
  134  13:12  Extractor  
  133  13:16  Extractor  
  133  13:17  Drone x2  
  133  13:18  Spine Crawler  
  133  13:31  Mutalisk x6  
  133  13:32  Mutalisk  
  133  13:33  Drone x2  
  133  13:34  Drone x7  
  152  13:35  Drone  
  158  13:45  Overlord x5  
  156  13:58  Spine Crawler  
  156  13:59  Spine Crawler  
  156  14:00  Spine Crawler  
  156  14:02  Spine Crawler  
  152  14:07  Spine Crawler  
  151  14:27  Mutalisk x8  
  151  14:28  Mutalisk  
  161  15:14  Greater Spire  
  161  15:17  Drone  
  161  15:18  Drone x8  
  161  15:20  Mutalisk x2, Zergling x4  
  161  15:21  Corruptor x5  
  181  15:28  Drone  
  181  15:30  Drone  
  181  15:33  Spore Crawler  
  181  15:34  Spine Crawler  
  181  16:01  Corruptor x4  
  181  16:02  Overlord x7  
  181  16:03  Overlord  
  189  16:04  Hatchery  
  183  16:51  Corruptor x5  
  183  16:52  Corruptor x3  
  191  17:20  Zerg Flyer Armor Level 1  
  183  17:25  Spire  
  151  17:39  Brood Lord x6  
  151  17:40  Brood Lord x7  
  140  18:38  Corruptor x6  
  140  18:39  Corruptor x3  
  144  18:46  Drone x3, Zergling x2  
  144  18:47  Zergling x4  
  150  18:50  Drone x3  
  150  18:54  Corruptor  
Tags
 
Add a new tag
Caveats
  • Supply blocks, unpowered buildings, or Contaminate may cause inaccurate times.
  • Supply counts are checked every 10 seconds.